 Dungeon Crawl Stone Soup version 0.30.0-29-ga12c61a403 (webtiles) character file.

Game seed: 17864849534033712018

2158 Peloso the Protected (level 9, -1/73 (78) HPs)
             Began as a Minotaur Fighter on June 4, 2023.
             Shot with a sling bullet by Joseph (2 damage)
             ... on level 7 of the Dungeon.
             The game lasted 00:10:16 (5196 turns).

Peloso the Protected (Minotaur Fighter)             Turns: 5196, Time: 00:10:17

HP:   -1/73 (78)    AC: 18    Str: 23    XL:     9   Next: 10%
MP:   8/8           EV:  9    Int:  5    God:
Gold: 26            SH:  5    Dex: 12    Spells: 8/8 levels left

rFire   . . .        a - +0 long sword
rCold   . . .        d - +0 buckler
rNeg    . . .        c - +2 chain mail {Will+}
rPois   +            (helmet restricted)
rElec   .            x - +0 cloak
rCorr   .            (no gloves)
SInv    .            (no boots)
Will    +....        (no amulet) Stlth
                     m - +4 ring of protection
HPRegen 0.32/turn    o - ring of poison resistance
MPRegen 0.11/turn

%: no passive effects
@: drained
A: horns 2, retaliatory headbutt
a: no special abilities


You were on level 7 of the Dungeon.
You visited 2 branches of the dungeon, and saw 8 of its levels.

You collected 230 gold pieces.
You spent 204 gold pieces at shops.

Inventory:

Hand Weapons
 a - a +0 long sword (weapon)
 b - a +1 whip of flaming
Armour
 c - a +2 chain mail of willpower (worn)
 d - a +0 buckler (worn)
 x - a +0 cloak (worn)
Jewellery
 m - a +4 ring of protection (left hand)
 o - a ring of poison resistance (right hand)
 v - a ring of ice
 w - a +4 ring of protection
 y - a ring of positive energy
 B - a ring of positive energy
 H - a +6 ring of strength
Wands
 E - a wand of iceblast (13)
Scrolls
 e - 5 scrolls of teleportation
 h - 3 scrolls of enchant weapon {unknown}
 j - 3 scrolls of amnesia {unknown}
 k - 6 scrolls of enchant armour {unknown}
 p - a scroll of silence {unknown}
 r - a scroll of blinking {unknown}
 s - 4 scrolls of fear {unknown}
 t - 3 scrolls of magic mapping
 u - 2 scrolls of acquirement {unknown}
 C - 2 scrolls of noise {unknown}
 F - a scroll of poison {unknown}
 J - a scroll of vulnerability {unknown}
 K - a scroll of fog {unknown}
Potions
 f - 2 potions of brilliance
 g - 4 potions of curing
 i - a potion of magic
 l - a potion of might
 z - a potion of mutation
 A - a potion of flight {unknown}
 D - a potion of heal wounds {unknown}
 G - a potion of resistance {unknown}
 I - a potion of ambrosia {unknown}


   Skills:
 + Level 6.5 Fighting
 + Level 6.9 Long Blades
 + Level 4.4 Maces & Flails
 + Level 8.5 Armour
 + Level 2.8 Dodging
 + Level 0.2 Stealth
 + Level 7.4 Shields


You had 8 spell levels left.
You didn't know any spells.
Your spell library contained the following spells:

 Spells                   Type           Power      Damage    Failure   Level
 Beastly Appendage        Tmut           0%         N/A       97%         1
 Ensorcelled Hibernation  Hex/Ice        0%         N/A       99%         2
 Wereblood                Tmut           0%         N/A       99%         2
 Spider Form              Tmut/Pois      0%         N/A       100%        3
 Anguish                  Hex/Necr       0%         N/A       100%        4


Dungeon Overview and Level Annotations

Branches:
Dungeon (7/15)             Temple (1/1) D:5

Altars:
Ashenzari
Cheibriados
Dithmenos
Elyvilon
Kikubaaqudgha
Nemelex Xobeh
Qazlal
Sif Muna
Trog
Vehumet
Wu Jian
Xom

Shops:
D:2 (   D:6 ?

Annotations:
D:3 1 runed translucent door, Crazy Yiuf
D:4 2 transporters, Sensen's ghost, amateur DgEE
D:6 1 runed translucent door, ymhsbmbesitwf's ghost, novice HOFi
D:7 Joseph


Innate Abilities, Weirdness & Mutations

You have a pair of horns on your head.
You reflexively headbutt those who attack you in melee.


Message History

Joseph is heavily wounded.
Joseph hits you but does no damage.
You barely miss Joseph.
Joseph is heavily wounded.
Joseph zaps a wand.
You suddenly lose the ability to move!
Joseph hits you with a +0 quarterstaff!
Joseph shouts, "I love to fight!
I love killing!"
Joseph hits you with a +0 quarterstaff! Joseph hits you but does no damage.
Joseph hits you with a +0 quarterstaff.
You can move again.
You barely miss Joseph. Your headbutt misses Joseph.
Joseph is heavily wounded.
You block Joseph's attack.
Unknown command.
You closely miss Joseph. You headbutt Joseph!
Joseph is heavily wounded.
Joseph hits you with a +0 quarterstaff!
* * * LOW HITPOINT WARNING * * *
You hit Joseph but do no damage.
Joseph is heavily wounded.
You block Joseph's attack.
Unknown command.
You hit Joseph but do no damage.
Joseph is heavily wounded.
Joseph hits you with a +0 quarterstaff.
* * * LOW HITPOINT WARNING * * *
Unknown command.
Joseph attacks as you move away! You block Joseph's attack.
Joseph zaps a wand.
You resist with almost no effort.
Joseph unwields a +0 quarterstaff.
Joseph wields a +1 sling of flaming.
It bursts into flame!
Joseph shoots a sling bullet.
The sling bullet hits you!
* * * LOW HITPOINT WARNING * * *
The sling bullet burns you.
* * * LOW HITPOINT WARNING * * *
There is a stone staircase leading up here.
Joseph shoots a sling bullet.
The sling bullet hits you!
* * * LOW HITPOINT WARNING * * *
The sling bullet burns you.
You die...

#.# #.# #[#
#.# #o# #z#
#o#
#@########.#
#...@.......
###########.


You could see Joseph.

Vanquished Creatures
  Pikel (D:4)
  Sigmund (D:2)
  Eustachio (D:6)
  Menkaure (D:5)
  A water moccasin (D:7)
  An ice beast (D:6)
  An ogre (D:5)
  A centaur (D:5)
  3 lemures (D:4)
  4 phantoms
  A scorpion (D:5)
  2 wights (D:7)
  A hound (D:5)
  A jelly (D:5)
  An orc priest (D:4)
  2 iguanas (D:4)
  A sleepcap (D:5)
  2 orc wizards
  Robin (D:3)
  3 gnolls (D:5)
  10 adders
  A shadow imp (D:6)
  2 ufetubi (D:6)
  A worm (D:3)
  3 dart slugs
  17 orcs
  4 ball pythons
  6 bats
  5 endoplasms
  6 giant cockroaches
  13 goblins
  3 hobgoblins
  5 kobolds
  3 quokkas
  2 frilled lizards (D:3)
  5 rats
116 creatures vanquished.

Notes
Turn   | Place    | Note
-------+----------+-------------------------------------------
     0 | D:1      | Peloso the Minotaur Fighter began the quest for the Orb.
     0 | D:1      | Reached XP level 1. HP: 19/19 MP: 0/0
    76 | D:1      | Found a faded altar of an unknown god.
   405 | D:1      | Reached XP level 2. HP: 22/27 MP: 1/1
   830 | D:2      | Reached skill level 4 in Armour
   889 | D:2      | Noticed Sigmund
   934 | D:2      | Noticed a phantom
   945 | D:1      | Killed a phantom
   946 | D:1      | Reached XP level 3. HP: 29/34 MP: 2/2
   946 | D:1      | Reached XP level 4. HP: 35/41 MP: 3/3
  1066 | D:2      | Found Meghotz's Weapon Emporium.
  1209 | D:2      | Killed Sigmund
  1210 | D:2      | Reached skill level 5 in Armour
  1210 | D:2      | Reached skill level 5 in Shields
  1210 | D:2      | Reached XP level 5. HP: 43/47 MP: 4/4
  1210 | D:2      | Reached XP level 6. HP: 51/55 MP: 5/5
  1703 | D:3      | Noticed Robin
  1731 | D:3      | Killed Robin
  2021 | D:3      | Found a runed translucent door.
  2022 | D:3      | Noticed Crazy Yiuf
  2373 | D:4      | Reached skill level 5 in Fighting
  2385 | D:4      | Reached skill level 5 in Long Blades
  2451 | D:4      | Noticed Pikel
  2520 | D:4      | Killed Pikel
  2521 | D:4      | Reached skill level 6 in Armour
  2521 | D:4      | Reached skill level 1 in Dodging
  2521 | D:4      | Reached XP level 7. HP: 25/61 MP: 6/6
  2766 | D:4      | Reached XP level 8. HP: 70/70 MP: 7/7
  2863 | D:4      | Found a transporter.
  2869 | D:4      | Found a transporter.
  2873 | D:4      | Noticed Sensen's ghost (amateur DgEE)
  3023 | D:5      | Entered Level 5 of the Dungeon
  3062 | D:5      | Reached skill level 1 in Maces & Flails
  3062 | D:5      | Reached skill level 7 in Armour
  3509 | D:5      | Noticed Menkaure
  3525 | D:5      | Killed Menkaure
  3675 | D:5      | Found a staircase to the Ecumenical Temple.
  3693 | D:5      | Identified the +1 leather armour "Tefagog" {Rampage Str+3
                  | Dex+5 Slay-2}
  3808 | Temple   | Entered the Ecumenical Temple
  4282 | D:6      | Noticed Eustachio
  4322 | D:6      | Killed Eustachio
  4524 | D:6      | Reached skill level 8 in Armour
  4628 | D:6      | Found a runed translucent door.
  4628 | D:6      | Noticed ymhsbmbesitwf's ghost (novice HOFi)
  4669 | D:6      | Found Foiskes's Magic Scroll Shoppe.
  4673 | D:6      | Bought a scroll of identify for 24 gold pieces
  4673 | D:6      | Bought 2 scrolls of magic mapping for 180 gold pieces
  4835 | D:7      | Reached XP level 9. HP: 64/78 MP: 8/8
  4899 | D:7      | Noticed Joseph
  5185 | D:7      | Paralysed by Joseph for 5 turns
  5196 | D:7      | HP: 1/73 [Joseph/sling bullet (7)]
  5196 | D:7      | Shot with a sling bullet by Joseph

Illustrated notes

Levels and vault maps discovered:
D:1:      nicolae_arrival_memento_mori, layout_loops_ring,
          hellmonk_ecumenical_altar_pennies_from_heaven
D:2:      layout_rooms, serial_shops, nicolae_shop_window_shopping,
          minmay_box_of_dots, uniq_sigmund
D:3:      layout_loops_ring, minmay_distorted, uniq_crazy_yiuf_cottage,
          uniq_robin
D:4:      layout_basic, gammafunk_ghost_stat_death, uniq_pikel
D:5:      layout_loops_ring, minmay_temple_entry_crystal_x, uniq_menkaure
D:6:      layout_rooms, gammafunk_ghost_grave, serial_shops, kennysheep_mini,
          corexii_hall_statues_deadend, uniq_eustachio
D:7:      layout_loops_ring, uniq_joseph
Temple:   nicolae_temple_x_marks_the_god

Skill      XL: |  1  2  3  4  5  6  7  8 |
---------------+-------------------------+-----
Fighting       | 4 5 6 |  6.5
Armour         | 4 5 6 8 |  8.5
Shields        | 4 5 6 7 |  7.4
Long Blades    | 3 4 6 |  6.9
Dodging        | 1 2 |  2.8
Maces & Flails | 4 |  4.4
Stealth        | |  0.2

Action                     |  1- 3 |  4- 6 |  7- 9 || total
---------------------------+-------+-------+-------++-------
  Melee: Long sword        |    34 |   190 |    35 ||   259
         Headbutt          |     5 |    30 |    42 ||    77
         Whip              |       |       |   157 ||   157
    Use: Scroll            |     1 |       |     4 ||     5
         Potion            |     1 |       |       ||     1
 Armour: Scale mail        |     6 |       |       ||     6
         Chain mail        |    12 |   136 |   121 ||   269
  Dodge: Dodged            |    24 |    70 |    97 ||   191
  Block: Buckler           |     5 |    60 |    68 ||   133
